 Dungeon Crawl Stone Soup version 0.23-a0-612-gcb482e9 (console) character file.

1738 Duffy the Cleaver (level 9, -12/73 HPs)
             Began as a Naga Gladiator on Dec 21, 2018.
             Mangled by a seven-headed hydra (13 damage)
             ... on level 7 of the Dungeon.
             The game lasted 00:05:29 (2431 turns).

Duffy the Cleaver (Naga Gladiator)                  Turns: 2431, Time: 00:05:30

Health: -12/73     AC: 12    Str: 20    XL:     9   Next: 5%
Magic:  9/9        EV:  9    Int:  9    God:
Gold:   152        SH:  3    Dex: 14    Spells: 8/8 levels left

rFire    . . .     SeeInvis +   i - +0 battleaxe
rCold    . . .     Gourm    .   (shield currently unavailable)
rNeg     . . .     Faith    .   b - +4 ring mail "Fuamy" {rElec Regen+}
rPois    +         Spirit   .   p - +1 helmet of Fun and Games {Dex+2 Slay+3}
rElec    +         Reflect  +   (no cloak)
rCorr    .         Harm     .   e - +0 pair of gloves
MR       +....                  (no barding)
Stlth    +.........             w - +3 amulet of reflection
HPRegen  0.62/turn              (no ring)
MPRegen  0.11/turn              (no ring)

@: very slow
A: large, see invisible, deformed body, poison resistance, slowness 2, slow
metabolism 1, spit poison 1, AC +3
a: Spit Poison


You were on level 7 of the Dungeon.
You were not hungry.

You visited 1 branch of the dungeon, and saw 7 of its levels.

You collected 229 gold pieces.
You spent 77 gold pieces at shops.

Inventory:

Hand Weapons
 a - a +0 war axe
 i - a +0 battleaxe (weapon)
Missiles
 m - 3 throwing nets (quivered)
Armour
 b - the +4 ring mail "Fuamy" (worn) {rElec Regen+}
   (You found it on level 4 of the Dungeon)

   It insulates you from electricity.
   It increases your rate of regeneration.
 c - a +0 helmet
 d - quicksilver dragon scales
 e - a +0 pair of gloves (worn)
 p - the +1 helmet of Fun and Games (worn) {Dex+2 Slay+3}
   (You found it on level 7 of the Dungeon)

   It affects your dexterity (+2).
   It affects your accuracy and damage with ranged weapons and melee attacks
   (+3).
Jewellery
 l - an uncursed ring of positive energy
 w - a +3 amulet of reflection (around neck)
Scrolls
 g - 3 scrolls of identify {unknown}
 h - a scroll of remove curse {unknown}
 k - 2 scrolls of teleportation {unknown}
 n - a scroll of fog {unknown}
 o - a scroll of blinking {unknown}
 u - a scroll of immolation {unknown}
Potions
 j - 2 potions of curing
 r - a potion of resistance {unknown}
 s - a potion of brilliance {unknown}
 t - a potion of cancellation {unknown}
 v - a potion of lignification {unknown}
 x - a potion of berserk rage {unknown}
Comestibles
 f - 3 rations
 q - 10 chunks of flesh


   Skills:
 - Level 2.0 Fighting
 + Level 11.5 Axes
 - Level 1.7 Throwing
 - Level 2.4 Dodging


You had 8 spell levels left.
You didn't know any spells.
Your spell library contained the following spells:

 Spells                   Type           Power        Failure   Level  Hunger
 Magic Dart               Conj           #...         56%         1    ##.....
 Shock                    Conj/Air       #...         56%         1    ##.....
 Throw Frost              Conj/Ice       #.....       71%         2    ###....
 Recall                   Summ/Tloc      N/A          91%         3    ####...
 Aura of Abjuration       Summ           #.........   100%        5    ######.
 Fireball                 Conj/Fire      #.........   100%        5    ######.
 Summon Demon             Summ           #.........   100%        5    ######.
 Summon Forest            Summ/Tloc      #.........   100%        5    ######.
 Summon Mana Viper        Hex/Summ       #.......     100%        5    ######.
 Venom Bolt               Conj/Pois      #.........   100%        5    ######.
 Bolt of Fire             Conj/Fire      #.........   100%        6    #######
 Shadow Creatures         Summ           N/A          100%        6    #######


Dungeon Overview and Level Annotations

Branches:
Dungeon (7/15)
 Temple: D:4-7

Altars:
Fedhas
Gozag
Okawaru
Ru
Vehumet
Xom

Shops:
D:6 !

Annotations:
D:5 3 runed doors, Toshki's ghost, novice GrEE


Innate Abilities, Weirdness & Mutations

You cannot wear boots.
Your serpentine skin is tough. (AC +3)
You have supernaturally acute eyesight. (SInv)
Armour fits poorly on your strangely shaped body.
Your system is resistant to poisons. (rPois)
You cover ground very slowly.
You have a slow metabolism.
You can spit poison.


Message History

The six-headed hydra bites you but does no damage.
The six-headed hydra bites you!
The six-headed hydra bites you but does no damage.
Found 14 gold pieces.
You barely miss the six-headed hydra. You barely miss the bullfrog.
The bullfrog hits you but does no damage.
The six-headed hydra bites you but does no damage.
The six-headed hydra bites you. x2
The six-headed hydra closely misses you.
The six-headed hydra bites you! x2; The bullfrog completely misses you.
You lop one of the six-headed hydra's heads off!
The five-headed hydra grows two more!
You hit the seven-headed hydra.
The seven-headed hydra is lightly wounded.
You slash the scorpion! You slash the bullfrog! The scorpion stings you.
The bullfrog hits you.
The seven-headed hydra closely misses you.
The seven-headed hydra bites you! The seven-headed hydra bites you.
The seven-headed hydra bites you but does no damage.
The seven-headed hydra bites you! x2
You die...

.#.......).).
.#..#........)).
...##........)..
............... .
###.###...........
#.######... ##.........%.
#......#.####............
.....................#...
..)....@.##.........#####
......FDs##.##.####.... .
..>......##.##.# #####
.....(...#..#..#
........!.....##
........###### .........
.$.......


You could see a seven-headed hydra, a bullfrog and a scorpion.

Vanquished Creatures
  A hippogriff (D:7)
  An orc warrior (D:6)
  2 sky beasts
  An ice beast (D:5)
  A black bear (D:7)
  A necrophage (D:6)
  A centaur (D:7)
  2 bullfrogs
  A scorpion (D:7)
  A howler monkey (D:7)
  4 crimson imps
  2 centaur zombies
  3 orc wizards
  A gnoll shaman (D:7)
  An orc priest (D:7)
  3 hounds
  An iguana (D:5)
  2 worker ant zombies (D:7)
  12 gnolls
  8 adders
  A shadow imp (D:2)
  An ooze (D:3)
  An adder skeleton (D:7)
  A leopard gecko (D:2)
  6 orcs
  A ball python (D:5)
  4 bats
  A giant cockroach (D:4)
  4 goblins
  5 jackals
  5 quokkas
  A frilled lizard (D:2)
  A giant cockroach zombie (D:6)
  A kobold (D:1)
  A quokka skeleton (D:5)
  A rat (D:1)
84 creatures vanquished.

Notes
Turn   | Place    | Note
-------+----------+-------------------------------------------
     0 | D:1      | Duffy the Naga Gladiator began the quest for the Orb.
     0 | D:1      | Reached XP level 1. HP: 19/19 MP: 1/1
   244 | D:2      | Reached XP level 2. HP: 26/26 MP: 2/2
   294 | D:2      | Reached skill level 4 in Axes
   294 | D:2      | Reached XP level 3. HP: 32/32 MP: 3/3
   309 | D:2      | Reached XP level 4. HP: 17/39 MP: 4/4
   510 | D:3      | Reached skill level 5 in Axes
   642 | D:2      | Reached XP level 5. HP: 45/45 MP: 5/5
   671 | D:3      | Found a blossoming altar of Fedhas.
   671 | D:3      | Found a radiant altar of Vehumet.
   672 | D:3      | Found an opulent altar of Gozag.
   706 | D:3      | Found a shimmering altar of Xom.
   824 | D:4      | Got a shimmering ring mail
   835 | D:4      | Identified the +4 ring mail "Fuamy" {rElec Regen+} (You
                  | found it on level 4 of the Dungeon)
   852 | D:5      | Entered Level 5 of the Dungeon
   882 | D:5      | Found a runed gate.
   882 | D:5      | Found a runed gate.
   882 | D:5      | Noticed a centaur
   883 | D:5      | Found a runed gate.
   891 | D:5      | Found an opulent altar of Gozag.
   891 | D:5      | Noticed Toshki's ghost (novice GrEE)
   969 | D:6      | Reached skill level 6 in Axes
   975 | D:6      | Noticed an ice beast
   994 | D:5      | Reached XP level 6. HP: 45/52 MP: 6/6
  1042 | D:5      | Killed an ice beast
  1042 | D:5      | Reached skill level 7 in Axes
  1085 | D:6      | Found Ucuojes's Distillery.
  1090 | D:6      | Bought a potion of might for 44 gold pieces
  1090 | D:6      | Bought a potion of curing for 33 gold pieces
  1322 | D:5      | Noticed a sky beast
  1332 | D:5      | Killed a sky beast
  1332 | D:5      | Reached XP level 7. HP: 58/60 MP: 7/7
  1377 | D:5      | Reached skill level 8 in Axes
  1519 | D:4      | Found a sacrificial altar of Ru.
  1667 | D:6      | Identified the Incunabulum of Floating Attacks
  1969 | D:6      | HP: 2/60 [orc warrior/+0 battleaxe (9)]
  1970 | D:6      | Reached skill level 9 in Axes
  1974 | D:6      | Reached XP level 8. HP: 3/67 MP: 8/8
  1979 | D:6      | Found an iron altar of Okawaru.
  2158 | D:7      | Got a smoking helmet
  2169 | D:7      | Identified the +1 helmet of Fun and Games {Dex+2 Slay+3}
                  | (You found it on level 7 of the Dungeon)
  2225 | D:7      | Reached skill level 10 in Axes
  2356 | D:7      | Noticed a hippogriff
  2365 | D:7      | Reached skill level 11 in Axes
  2367 | D:7      | Killed a hippogriff
  2367 | D:7      | Reached XP level 9. HP: 38/73 MP: 9/9
  2426 | D:7      | Noticed a six-headed hydra
  2431 | D:7      | HP: 1/73 [seven-headed hydra (7)]
  2431 | D:7      | Mangled by a seven-headed hydra

Vault maps used:
D:1:      dpeg_arrival_rhombus, chequers_serial_rivers_micro_e
D:2:      yredelemnul_altar_generic, makhleb_heckhound_becter,
          lemuel_blue_sif_altar, zin_angel, serial_corexii_hall,
          chequers_hall_statues_wall_a, chequers_hall_statues_y, minmay_tripent
D:3:      marbit_many_paths, nicolae_overflow_quartered_altars, first_ration
D:4:      minmay_wonky_spiral, lemuel_round_altar, temple_statues
D:5:      ebering_ghost_gozag
D:6:      lemuel_round_altar, serial_shops, nicolae_shop_stone, shop,
          kennysheep_little_box, nicolae_shop_window_shopping, shop,
          hellmonk_ghost_happy_afterlife, nrook_pool_corridor
D:7:      minmay_the_grid_octo_triangle,
          nicolae_dithmenos_through_a_glass_darkly,
          hangedman_abyss_or_decor_stabs

Skill      XL: |  1  2  3  4  5  6  7  8 |
---------------+-------------------------+-----
Axes           | 4 5 6 7 9 11 | 11.5
Fighting       | |  2.0
Throwing       | |  1.7
Dodging        | |  2.4

Action                   |  1- 3 |  4- 6 |  7- 9 || total
-------------------------+-------+-------+-------++-------
Melee: War axe           |    30 |    92 |   100 ||   222
       Battleaxe         |       |       |    66 ||    66
Throw: Throwing net      |       |     2 |     3 ||     5
 Abil: Spit Poison       |     3 |     8 |       ||    11
  Use: Potion            |       |       |     2 ||     2
 Stab: Held in net/web   |       |       |     1 ||     1
  Eat: Chunk             |       |     1 |     4 ||     5
Armor: Leather armour    |    12 |    16 |       ||    28
       Ring mail         |       |    49 |   151 ||   200
Dodge: Dodged            |    20 |    73 |   138 ||   231

Table legend:
 A = Non-vault XP
 B = Vault XP
 C = Vault XP percentage of total XP
 D = Non-vault monster count
 E = Vault monster count
 F = Vault count percentage of total count
                 A         B        C        D         E       F
            +---------+---------+-------+---------+---------+-------
      Total |    1717 |     767 |  30.9 |      69 |      15 |  17.9
            +---------+---------+-------+---------+---------+-------
        D:1 |       8 |       0 |   0.0 |       5 |       0 |   0.0
        D:2 |      99 |      40 |  28.8 |      13 |       1 |   7.1
        D:3 |      63 |       0 |   0.0 |       5 |       0 |   0.0
        D:4 |       8 |       0 |   0.0 |       4 |       0 |   0.0
        D:5 |     507 |       0 |   0.0 |      16 |       0 |   0.0
        D:6 |     428 |     237 |  35.6 |      13 |       3 |  18.8
        D:7 |     604 |     490 |  44.8 |      13 |      11 |  45.8
            +---------+---------+-------+---------+---------+-------
